 Dungeon Crawl Stone Soup version 0.21-a0-525-ga34b322 (webtiles) character file.

13 Gerstahl the Conjurer (level 2, -1/19 HPs)
             Began as a Demonspawn Conjurer on Dec 7, 2017.
             Slain by a hobgoblin
             ... wielding a +0 club
             ... led by Robin
              (3 damage)
             ... on level 1 of the Dungeon.
             The game lasted 00:01:52 (718 turns).

Gerstahl the Conjurer (Demonspawn Conjurer)          Turns: 718, Time: 00:01:54

Health: -1/19      AC:  4    Str:  8    XL:     2   Next: 24%
Magic:  5/5        EV: 11    Int: 16    God:
Gold:   43         SH:  0    Dex: 13    Spells: 4/5 levels left

rFire    . . .     SeeInvis .   h - +0 hand axe (curse)
rCold    + . .     Gourm    .   (no shield)
rNeg     . . .     Faith    .   d - +1 leather armour {rC+}
rPois    .         Spirit   .   (no helmet)
rElec    .         Reflect  .   (no cloak)
rCorr    .         Harm     .   (no gloves)
MR       .....                  (no boots)
Stlth    ++........             (no amulet)
HPRegen  0.06/turn              (no ring)
MPRegen  0.09/turn              (no ring)

@: no status effects
A: demonic guardian 1
a: no special abilities


You were on level 1 of the Dungeon.
You were not hungry.

You visited 1 branch of the dungeon, and saw 2 of its levels.

You collected 43 gold pieces.

Inventory:

Hand Weapons
 h - a cursed +0 hand axe (weapon)
Armour
 a - a +0 robe
 d - a +1 leather armour of cold resistance (worn)
Scrolls
 g - a scroll of identify {unknown}
Potions
 e - a potion of might {unknown}
 i - 2 potions of magic {unknown}
Books
 b - a book of Conjurations

   Spells                             Type                      Level
   a - Magic Dart                     Conjuration                  1
   b - Searing Ray                    Conjuration                  2
   c - Dazzling Spray                 Conjuration/Hexes            3
   d - Fulminant Prism                Conjuration/Hexes            4
   e - Force Lance                    Conjuration/Translocation    4
   f - Iskenderun's Mystic Blast      Conjuration                  4
Comestibles
 c - a bread ration
 f - a royal jelly


   Skills:
 - Level 1.7 Dodging
 - Level 1.7 Stealth
 + Level 2.4 Spellcasting
 + Level 4.3 Conjurations


You had 4 spell levels left.
You knew the following spells:

 Your Spells              Type           Power        Failure   Level  Hunger
a - Magic Dart            Conj           ###.         4%          1    #......


Dungeon Overview and Level Annotations

Branches:
Dungeon (2/15)

Altars:

Annotations:
D:2 Natasha, Robin


Innate Abilities, Weirdness & Mutations

A weak demonic guardian rushes to your aid.


Message History

The goblin hits you but does no damage.
You closely miss the hobgoblin.
The hobgoblin is lightly wounded.
You closely miss the goblin. You hit the goblin but do no damage.
The goblin barely misses you. The hobgoblin hits you with a club.
The goblin hits you but does no damage.
You hit the hobgoblin but do no damage.
The hobgoblin is lightly wounded.
You hit the goblin.
You kill the goblin!
You barely miss the goblin. The goblin misses you.
The hobgoblin hits you with a club.
* * * LOW HITPOINT WARNING * * *
You barely miss the hobgoblin.
The hobgoblin is lightly wounded.
You barely miss the goblin. You closely miss the goblin.
The goblin barely misses you. The goblin hits you.
* * * LOW HITPOINT WARNING * * *
The hobgoblin hits you with a club.
You die...

##################
#@g...............
#gg.....##.######.
#........)......+.
##..............#.
#....#..........#.
#.##.#..........#.
#########.##.#%...........
#............()...........
#..............##...#.....


You could see a hobgoblin and 2 goblins.

Vanquished Creatures
  A bat (D:1)
  A giant cockroach (D:1)
  A goblin (D:1)
  3 hobgoblins (D:1)
  3 kobolds (D:1)
  2 frilled lizards (D:1)
  A rat (D:1)
12 creatures vanquished.

Notes
Turn   | Place    | Note
-------+----------+-------------------------------------------
     0 | D:1      | Gerstahl the Demonspawn Conjurer began the quest for the Orb.
     0 | D:1      | Reached XP level 1. HP: 13/13 MP: 3/3
   509 | D:1      | Gained mutation: A weak demonic guardian rushes to your aid. [demonic ancestry]
   509 | D:1      | Reached XP level 2. HP: 15/19 MP: 5/5
   712 | D:2      | Noticed Robin
   712 | D:2      | Noticed Natasha
   718 | D:1      | Slain by a hobgoblin

Vault maps used:
D:1:      minmay_arrival_shattered_statue
D:2:      uniq_robin, uniq_natasha

Action                   || total
-------------------------++-------
Melee: Hand axe          ||    24
       Unarmed           ||     1
 Cast: Magic Dart        ||    12
Armor: Leather armour    ||     9
Dodge: Dodged            ||    18

Table legend:
 A = Spawn XP
 B = Non-spawn XP
 C = Spawn XP percentage of total XP
 D = Spawn monster count
 E = Non-spawn monster count
 F = Spawn count percentage of total count
 G = Total turns spent on level
                    A         B        C        D         E        F      G
               +---------+---------+-------+---------+---------+-------+---------
         Total |       0 |      19 |   0.0 |       0 |      12 |   0.0 |   718
               +---------+---------+-------+---------+---------+-------+---------
           D:1 |       0 |      19 |   0.0 |       0 |      12 |   0.0 |   716
               +---------+---------+-------+---------+---------+-------+---------
